 Dungeon Crawl Stone Soup version 0.30-a0-354-g6b83867211 (webtiles) character file.

Game seed: 7233560388913774843

1612 bande the Covered (level 8, -6/51 HPs)
             Began as a Gargoyle Fighter on Nov 8, 2022.
             Mangled by an ogre
             ... wielding a +0 giant club
              (14 damage)
             ... on level 6 of the Dungeon.
             The game lasted 00:09:40 (6302 turns).

bande the Covered (Gargoyle Fighter)                Turns: 6302, Time: 00:09:41

Health: -6/51      AC: 18    Str: 19    XL:     8   Next: 95%
Magic:  0/8        EV:  7    Int: 10    God:
Gold:   298        SH:  5    Dex: 11    Spells: 7/7 levels left

rFire   . . .      SeeInvis .    a - +0 war axe
rCold   . . .      Faith    .    c - +0 buckler
rNeg    + . .      Spirit   +    o - +0 chain mail
rPois   ∞          Reflect  .    q - +0 helmet
rElec   +          Harm     .    i - +0 cloak
rCorr   .          Rampage  .    (no gloves)
Will    .....                    (no boots)
Stlth   ..........               l - amulet of guardian spirit
HPRegen 0.28/turn                e - ring of flight
MPRegen 0.11/turn                (no ring)

@: flying
A: sickness immunity, AC +5, negative energy resistance 1, electricity
resistance, torment resistance 1, petrification resistance
a: no special abilities


You were on level 6 of the Dungeon.
You visited 1 branch of the dungeon, and saw 6 of its levels.

You collected 298 gold pieces.

Inventory:

Hand Weapons
 a - a +0 war axe (weapon)
 z - a +2 flail of holy wrath
 C - a +0 war axe
Missiles
 G - a throwing net (quivered)
Armour
 c - a +0 buckler (worn)
 i - a +0 cloak (worn)
 o - a +0 chain mail (worn)
 q - a +0 helmet (worn)
Jewellery
 d - a ring of fire
 e - a ring of flight (left hand)
 l - an amulet of guardian spirit (around neck)
 s - a ring of ice
Wands
 j - a wand of iceblast (11)
 A - a wand of light (7)
 F - a wand of flame (16)
Scrolls
 f - 2 scrolls of amnesia
 t - 2 scrolls of teleportation
 v - a scroll of blinking
 x - 3 scrolls of identify
Potions
 b - 5 potions of curing
 g - a potion of lignification {unknown}
 h - a potion of ambrosia {unknown}
 k - a potion of berserk rage
 m - a potion of heal wounds
 n - 2 potions of resistance {unknown}
 p - a potion of brilliance {unknown}
 r - 4 potions of degeneration {unknown}
 w - a potion of magic {unknown}
 B - a potion of attraction {unknown}
 D - 2 potions of mutation {unknown}


   Skills:
 + Level 5.9 Fighting
 + Level 6.6 Axes
 + Level 6.7 Armour
 - Level 0.2 Stealth
 + Level 5.5 Shields
 * Level 1.7 Evocations


You had 7 spell levels left.
You didn't know any spells.
Your spell library contained the following spells:

 Spells                   Type           Power      Damage    Failure   Level
 Freeze                   Ice            0%         1d3       99%         1
 Ensorcelled Hibernation  Hex/Ice        0%         N/A       100%        2
 Wereblood                Tmut           0%         N/A       100%        2
 Frozen Ramparts          Ice            0%         1d1       100%        3
 Hailstorm                Conj/Ice       0%         3d3       100%        3
 Spider Form              Tmut/Pois      0%         N/A       100%        3
 Anguish                  Hex/Necr       0%         N/A       100%        4
 Malign Gateway           Summ/Tloc      0%         N/A       100%        7
 Summon Hydra             Summ           0%         N/A       100%        7
 Summon Horrible Things   Summ           0%         N/A       100%        8
 Sublimation of Blood     Necr           Unusable   N/A       N/A         2

Dungeon Overview and Level Annotations

Branches:
Dungeon (6/15)
 Temple: D:4-7

Altars:
Sif Muna
Xom

Shops:
D:4 :


Innate Abilities, Weirdness & Mutations

You are immune to sickness and miasma.
Your stone body is resilient. (AC +5)
You are immune to poison.
You resist negative energy. (rN+)
You are resistant to electric shocks. (rElec)
You are resistant to unholy torment.
You are immune to petrification.


Message History

No target in view!
No target in view!
Magic restored.
You hear the slow rusting of a very distant drain.
An adder comes into view.
The adder hisses angrily.
The adder moves out of view.
An adder is nearby!
You block the adder's attack. The adder bites you but does no damage.
You slash the adder!
You kill the adder!
An ogre comes into view. It is wielding a +0 giant club.
The ogre shouts!
You see here an adder corpse.
You barely miss the ogre. The ogre hits you but does no damage.
You barely miss the ogre. The ogre hits you with a +0 giant club.
You hit the ogre.
The ogre is lightly wounded.
The ogre hits you with a +0 giant club!!
You slash the ogre!
The ogre is heavily wounded.
The ogre closely misses you.
You hit the ogre.
The ogre is heavily wounded.
You hit the ogre.
The ogre is severely wounded.
The ogre hits you with a +0 giant club!!
* * * LOW HITPOINT WARNING * * *
You are too injured to fight recklessly!
You are too injured to fight recklessly!
You are too injured to fight recklessly!
You are too injured to fight recklessly!
You are too injured to fight recklessly!
You hit the ogre but do no damage.
The ogre is severely wounded.
You block the ogre's attack.
You hit the ogre.
The ogre is severely wounded.
The ogre hits you with a +0 giant club!
You die...

### ## #.# .#
#####.#####.####
#...............
#.###.#####...
#.#
#.#####'###.#
#b#
#.##........#
#.#
#...†.@O....#
#.#
#.##........#
##.#
#.......#'#.#
#..##...####.# #
##.##..... ...
##...##....#
.#..
##.....##...#
.#...
###.......#...#
.. ..
......_.b....


You could see an ogre.

Vanquished Creatures
  Grinder (D:4)
  Sigmund (D:2)
  The ghost of MAFIAMEASN the Magician, an amateur SpCj (D:5)
  Eustachio (D:5)
  Edmund (D:4)
  2 phantoms
  A bullfrog (D:6)
  2 hounds (D:5)
  A jelly (D:5)
  Crazy Yiuf (D:2)
  An orc priest (D:5)
  Ijyb (D:3)
  An iguana (D:5)
  3 orc wizards
  Natasha (twice) (D:4)
  2 bullfrog simulacra (D:4)
  A centaur simulacrum (D:4)
  Robin (D:2)
  7 adders
  7 gnolls
  3 hound simulacra (D:4)
  A shadow imp (D:6)
  A white imp (D:5)
  2 worms
  A dart slug (D:3)
  An adder simulacrum (D:4)
  14 orcs
  5 endoplasms
  2 giant cockroaches
  18 goblins
  6 hobgoblins
  3 jackals
  2 quokkas
  4 ball pythons
  3 bats
  4 frilled lizards
  5 kobolds
  6 rats
119 creatures vanquished.

Notes
Turn   | Place    | Note
-------+----------+-------------------------------------------
     0 | D:1      | bande the Gargoyle Fighter began the quest for the Orb.
     0 | D:1      | Reached XP level 1. HP: 14/14 MP: 1/1
    88 | D:1      | Reached XP level 2. HP: 19/19 MP: 2/2
   927 | D:2      | Reached XP level 3. HP: 21/23 MP: 3/3
  1061 | D:2      | Noticed Sigmund
  1078 | D:2      | Killed Sigmund
  1079 | D:2      | Reached XP level 4. HP: 6/29 MP: 0/4
  1079 | D:2      | Reached XP level 5. HP: 7/33 MP: 0/5
  1313 | D:2      | Noticed Robin
  1379 | D:2      | Killed Robin
  1380 | D:2      | Reached XP level 6. HP: 27/38 MP: 4/6
  1878 | D:2      | Found a runed translucent door.
  1879 | D:2      | Noticed Crazy Yiuf
  1926 | D:2      | Killed Crazy Yiuf
  2152 | D:3      | Noticed Ijyb
  2164 | D:3      | Killed Ijyb
  2651 | D:3      | Reached skill level 5 in Armour
  2651 | D:3      | Reached XP level 7. HP: 44/44 MP: 7/7
  3240 | D:4      | Found Gaemy's Self-Improvement Boutique.
  3309 | D:4      | Found a runed translucent gate.
  3309 | D:4      | Found a runed translucent gate.
  3309 | D:4      | Found a runed translucent gate.
  3382 | D:4      | Noticed Grinder
  3408 | D:4      | Paralysed by Grinder for 3 turns
  3414 | D:4      | Paralysed by Grinder for 3 turns
  3441 | D:4      | Noticed Natasha
  3446 | D:4      | Paralysed by Grinder for 3 turns
  3451 | D:4      | Killed Grinder
  3452 | D:4      | Reached skill level 5 in Axes
  3452 | D:4      | Reached skill level 5 in Shields
  3456 | D:4      | Killed Natasha
  3608 | D:4      | Noticed Natasha
  3625 | D:4      | Killed Natasha
  3626 | D:4      | Reached skill level 5 in Fighting
  3939 | D:4      | Noticed Edmund
  3946 | D:4      | Killed Edmund
  3947 | D:4      | Reached XP level 8. HP: 39/49 MP: 5/8
  4094 | D:4      | Noticed MAFIAMEASN's ghost (amateur SpCj)
  4123 | D:5      | Entered Level 5 of the Dungeon
  4526 | D:5      | Killed MAFIAMEASN's ghost
  5054 | D:5      | Found a shimmering blue altar of Sif Muna.
  5160 | D:5      | Noticed Eustachio
  5176 | D:5      | Killed Eustachio
  5258 | D:5      | Reached skill level 1 in Evocations
  6254 | D:6      | Found a shimmering altar of Xom.
  6302 | D:6      | Mangled by an ogre

Illustrated notes

Levels and vault maps discovered:
D:1:      wander_arrival_chamber, layout_basic, minmay_misc_feat_diagonals,
          minivault_19, st_stairs_8, minmay_distorted
D:2:      layout_basic, uniq_robin, uniq_crazy_yiuf_cottage, uniq_sigmund
D:3:      minmay_angry_zag, layout_loops_corners, kennysheep_generic_room_6,
          uniq_ijyb
D:4:      layout_basic, gammafunk_ghost_icy, nicolae_shop_self_help,
          uniq_edmund, uniq_grinder, uniq_natasha
D:5:      layout_basic, nicolae_sif_muna_condensation, uniq_eustachio
D:6:      layout_basic, lemuel_round_altar, yredelemnul_altar_generic,
          minmay_temple_entry_arrows, serial_shops, shop, gup_sewer_entry_glass,
          nicolae_shop_i_like_big_books

Skill      XL: |  1  2  3  4  5  6  7  8 |
---------------+-------------------------+-----
Axes           | 2 3 4 5 6 |  6.6
Fighting       | 4 5 |  5.9
Armour         | 4 5 6 |  6.7
Shields        | 4 5 |  5.5
Evocations     | 1 |  1.7
Stealth        | |  0.2

Action                   |  1- 3 |  4- 6 |  7- 9 || total
-------------------------+-------+-------+-------++-------
Melee: War axe           |    62 |   116 |   244 ||   422
  Use: Potion            |     1 |       |     2 ||     3
       Scroll            |       |     6 |     4 ||    10
Armor: Scale mail        |    24 |       |       ||    24
       Chain mail        |     4 |    77 |   195 ||   276
Dodge: Dodged            |    23 |    44 |    98 ||   165
Block: Buckler           |    17 |    44 |    70 ||   131

Table legend: (Time is in decaauts)
 A = Elapsed time spent in this place.
 B = Non-inter-level travel time spent in this place.
 C = Inter-level travel time spent in this place.
 D = Time resting spent in this place.
 E = Time spent auto-exploring this place.
 F = Levels seen in this place.
 G = Mean time per level.
                   A        B        C        D        E       F      G
               +--------+--------+--------+--------+--------+-----+--------+
         Total |   6448 |   6380 |     68 |    980 |   4198 |   6 | 1074.7 |
       Dungeon |   6448 |   6380 |     68 |    980 |   4198 |   6 | 1074.7 |
               +--------+--------+--------+--------+--------+-----+--------+

Top non-repeatable levels by time:
     D:5: 1948 daAuts
     D:2: 1202 daAuts
     D:3: 1175 daAuts
     D:4: 1165 daAuts
     D:1: 885 daAuts
     D:6: 71 daAuts
